 Dungeon Crawl Stone Soup version 0.26-b1-32-g5d43845318 (webtiles) character file.

Game seed: 5702170157088765697

2785 Aviak the Covered (level 9, -11/82 HPs)
             Began as a Deep Dwarf Fighter on Jan 8, 2021.
             Was a Follower of Makhleb.
             Mangled by a two-headed ogre
             ... wielding a +0 giant spiked club
              (22 damage)
             ... on level 10 of the Dungeon.
             The game lasted 00:08:35 (5382 turns).

Aviak the Covered (Deep Dwarf Fighter)              Turns: 5382, Time: 00:08:35

Health: -11/82     AC: 10    Str: 22    XL:     9   Next: 43%
Magic:  4/4        EV: 16    Int: 12    God:    Makhleb [*.....]
Gold:   19         SH: 11    Dex: 12    Spells: 8/8 levels left

rFire    . . .     SeeInvis .   a - +0 war axe
rCold    + + .     Faith    .   e - +0 kite shield
rNeg     . . .     Spirit   .   t - +2 ring mail {rC+}
rPois    .         Reflect  .   (no helmet)
rElec    .         Harm     .   (no cloak)
rCorr    .         Rampage  .   (no gloves)
Will     +....                  (no boots)
Stlth    +.........             (no amulet)
HPRegen  0.00/turn              C - ring of protection from cold (curse)
MPRegen  0.09/turn              E - +4 ring of evasion

@: non-regenerating
A: damage resistance, heal wounds, icy blue scales 1, clever 1, sense
surroundings 2, screaming 1, no regeneration
a: Heal Wounds, Renounce Religion


You were on level 10 of the Dungeon.
You worshipped Makhleb.
Makhleb was aware of your devotion.
You visited 2 branches of the dungeon, and saw 9 of its levels.

You collected 398 gold pieces.
You spent 379 gold pieces at shops.

Inventory:

Hand Weapons
 a - a +0 war axe (weapon)
Armour
 b - a +0 scale mail
 e - a +0 kite shield (worn)
 r - a +0 chain mail
 t - a +2 ring mail of cold resistance (worn)
Jewellery
 k - an uncursed ring of wizardry
 p - an uncursed ring of flight
 x - an uncursed ring of fire
 C - a cursed ring of protection from cold (left hand)
 E - a +4 ring of evasion (right hand)
Wands
 v - a wand of flame (1)
Scrolls
 f - 3 scrolls of enchant armour
 i - a scroll of identify
 j - 3 scrolls of remove curse
 l - 2 scrolls of fear {unknown}
 m - 4 scrolls of enchant weapon
 o - a scroll of random uselessness {unknown}
 q - 3 scrolls of teleportation {unknown}
 u - 2 scrolls of fog
 w - 2 scrolls of noise {!r!r}
 y - a scroll of immolation {unknown}
 A - a scroll of amnesia {unknown}
 B - a scroll of brand weapon
 D - a scroll of acquirement {unknown}
Potions
 c - 6 potions of curing
 d - a potion of brilliance
 g - a potion of lignification {!q}
 h - 2 potions of heal wounds
 n - a potion of flight
 s - a potion of invisibility


   Skills:
 + Level 6.1 Fighting
 + Level 6.9 Axes
 + Level 7.4 Armour
 + Level 4.9 Dodging
 + Level 7.4 Shields


You had 8 spell levels left.
You didn't know any spells.
Your spell library contained the following spells:

 Spells                   Type           Power        Failure   Level
 Corona                   Hex            0%           80%         1
 Ensorcelled Hibernation  Hex/Ice        0%           90%         2
 Confusing Touch          Hex            0%           99%         3
 Dazzling Flash           Conj/Hex       0%           99%         3
 Tukima's Dance           Hex            0%           99%         3


Dungeon Overview and Level Annotations

Branches:
Dungeon (7/15)             Temple (1/1) D:5

Altars:
Ashenzari
Cheibriados
Dithmenos
Elyvilon
Fedhas
Gozag
Hepliaklqana
Kikubaaqudgha
Makhleb
Nemelex Xobeh
Okawaru
Qazlal
Ru
Sif Muna
Uskayaw
Vehumet
Wu Jian
Xom
Yredelemnul
Zin
The Shining One

Shops:
D:6 ?   D:7 *

Annotations:
D:5 1 runed translucent door, trm's ghost, novice DsCj


Innate Abilities, Weirdness & Mutations

You are resistant to damage.
You can heal yourself by infusing magical energy.
You passively map the area around you.
You do not regenerate.
You are partially covered in icy blue scales. (AC +2)
Your mind is acute. (Int +2)
You occasionally shout uncontrollably at your foes.


Message History

Unknown command.
You hit the wight.
The wight is lightly damaged.
You slash the wight!
You destroy the wight!
Makhleb accepts your kill.
The centaur shoots an arrow.
You block the arrow.
Unknown command.
You hit the two-headed ogre.
The two-headed ogre is lightly wounded.
You slash the wight!
The centaur shoots an arrow.
You block the arrow.
The two-headed ogre hits you with a +0 giant spiked club.
The two-headed ogre barely misses you.
The centaur shoots an arrow.
You block the arrow. The wight barely misses you.
You completely miss the two-headed ogre.
The two-headed ogre is lightly wounded.
You barely miss the wight.
The centaur shoots an arrow.
You block the arrow. You block the wight's attack.
The two-headed ogre hits you with a +0 giant spiked club!!
You die...

, , ,,
,#...# , *,
, , ##..O# *
, * #..#z#,
, , ,
##.##.# * *
, * ,
#..##.# , *
* ##(....# *
,
,*#zZ.##...#
* **
##O########
* * ,, ,,,
#@z# , , , *
#.## * * ..#
, *#c## , ..
, #.# * .. *
, * *#.# * ,
* ,


You could see a two-headed ogre, a centaur, 2 wights and a centaur warrior
skeleton.

Vanquished Creatures
  A troll (D:10)
  Grinder (D:6)
  Sigmund (D:2)
  Edmund (D:4)
  A water moccasin (D:6)
  An ice beast (D:5)
  2 orc warriors (D:6)
  A sky beast (D:5)
  An ogre (D:6)
  A centaur (D:10)
  A bullfrog (D:7)
  8 wights
  A howler monkey (D:5)
  A bullfrog skeleton (D:5)
  2 hounds (D:4)
  7 orc priests
  Natasha (D:2)
  Terence (D:2)
  9 orc wizards
  7 worker ants
  A howler monkey zombie (D:5)
  5 adders
  2 shadow imps
  2 white imps
  2 ufetubi (D:5)
  2 oozes
  3 worms (D:2)
  A dart slug (D:2)
  3 leopard geckos
  28 orcs
  3 bats
  6 giant cockroaches
  7 goblins
  9 hobgoblins
  17 jackals
  6 kobolds
  8 quokkas
  2 ball pythons
  4 frilled lizards
  2 leopard gecko skeletons
  5 rats
167 creatures vanquished.

Notes
Turn   | Place    | Note
-------+----------+-------------------------------------------
     0 | D:1      | Aviak the Deep Dwarf Fighter began the quest for the Orb.
     0 | D:1      | Reached XP level 1. HP: 20/20 MP: 1/1
   283 | D:1      | Reached XP level 2. HP: 18/27 MP: 2/2
   686 | D:2      | Noticed Sigmund
   694 | D:2      | Reached XP level 3. HP: 32/34 MP: 3/3
   697 | D:2      | Killed Sigmund
   698 | D:2      | Reached XP level 4. HP: 42/44 MP: 4/4
   698 | D:2      | Reached XP level 5. HP: 48/50 MP: 5/5
   751 | D:2      | Found a glowing silver altar of Zin.
   755 | D:2      | Found an opulent altar of Gozag.
   758 | D:2      | Found an ancient bone altar of Kikubaaqudgha.
   823 | D:2      | Found a snail-covered altar of Cheibriados.
   969 | D:2      | Noticed Natasha
   972 | D:2      | Killed Natasha
   980 | D:2      | Noticed Terence
   988 | D:2      | Killed Terence
  1152 | D:2      | Reached XP level 6. HP: 50/57 MP: 6/6
  2171 | D:4      | Reached skill level 5 in Armour
  2219 | D:4      | Reached skill level 5 in Shields
  2233 | D:4      | Noticed Edmund
  2268 | D:4      | Killed Edmund
  2269 | D:4      | Reached XP level 7. HP: 39/66 MP: 4/4
  2457 | D:4      | Reached skill level 1 in Dodging
  2933 | D:5      | Entered Level 5 of the Dungeon
  2990 | D:5      | Found a runed translucent door.
  2990 | D:5      | Noticed trm's ghost (novice DsCj)
  3012 | D:5      | Reached skill level 5 in Axes
  3178 | D:5      | Reached XP level 8. HP: 27/73 MP: 5/5
  3207 | D:5      | Found a staircase to the Ecumenical Temple.
  3223 | D:5      | Reached skill level 5 in Fighting
  3229 | Temple   | Entered the Ecumenical Temple
  3268 | Temple   | Became a worshipper of Makhleb the Destroyer
  3665 | D:6      | Found a shadowy altar of Dithmenos.
  4768 | D:6      | Noticed Grinder
  4780 | D:6      | Killed Grinder
  4781 | D:6      | Gained mutation: You passively map the area around you.
                  | [Deep Dwarf growth]
  4781 | D:6      | Reached XP level 9. HP: 48/82 MP: 6/6
  5070 | D:6      | Found Peghuno's Magic Scroll Shop.
  5082 | D:6      | Bought a scroll of brand weapon for 220 gold pieces
  5082 | D:6      | Bought a scroll of enchant armour for 82 gold pieces
  5082 | D:6      | Bought a scroll of remove curse for 33 gold pieces
  5082 | D:6      | Bought a scroll of fog for 22 gold pieces
  5082 | D:6      | Bought a scroll of identify for 22 gold pieces
  5122 | D:6      | Found a radiant altar of Vehumet.
  5176 | D:7      | Found Kaifuses's Assorted Antiques.
  5238 | D:7      | Reached * piety under Makhleb
  5242 | D:7      | HP: 3/75 [wight/cursed +4 halberd (3)]
  5300 | D:7      | You fall into a shaft and drop 3 floors!
  5300 | D:10     | Entered Level 10 of the Dungeon
  5301 | D:10     | Noticed a troll
  5306 | D:10     | Gained mutation: You occasionally shout uncontrollably at
                  | your foes. [potion of mutation]
  5306 | D:10     | Gained mutation: You are partially covered in icy blue
                  | scales. (AC +2) [potion of mutation]
  5306 | D:10     | Gained mutation: Your mind is acute. (Int +2) [potion of
                  | mutation]
  5324 | D:10     | Killed a troll
  5348 | D:10     | Noticed a two-headed ogre
  5382 | D:10     | Mangled by a two-headed ogre

Illustrated notes

Levels and vault maps discovered:
D:1:      amcnicky_arrival_blooded_trapdoor, layout_loops_ring
D:2:      layout_basic, grunt_temple_overflow_open, general_overflow_altar,
          hangedman_abyss_or_decor_lesser_grid, kennysheep_generic_room_16,
          uniq_terence, uniq_natasha, uniq_sigmund
D:3:      layout_basic, minmay_misc_feat_x, st_stairs_11
D:4:      layout_cave_pods, uniq_edmund
D:5:      layout_cave_pools, minmay_temple_entry_junction_2,
          gammafunk_ghost_grave
D:6:      layout_basic, lemuel_doored_altar, serial_shops,
          nicolae_shop_behind_doors, nicolae_dithmenos_the_darkroom,
          uniq_grinder
D:7:      layout_rooms, serial_shops, shop_statue
D:10:     minmay_the_grid_triangle_9x9_rhombus_thin_mashed
          [minmay_the_grid_triangle_9x9_flanged_cone,
          minmay_the_grid_triangle_9x9_prize_insulated,
          minmay_the_grid_triangle_9x9_warning,
          minmay_the_grid_triangle_9x9_stretched_checkered], layout_basic,
          serial_shops, kennysheep_little_box, gammafunk_ghost_nasty_kobolds
Temple:   lightli_temple_of_artemis

Skill      XL: |  1  2  3  4  5  6  7  8  9 |
---------------+----------------------------+-----
Fighting       | 3 4 5 6 |  6.1
Axes           | 3 4 5 6 |  6.9
Armour         | 4 5 6 7 |  7.4
Shields        | 4 5 6 7 |  7.4
Dodging        | 2 4 |  4.9

Action                   |  1- 3 |  4- 6 |  7- 9 || total
-------------------------+-------+-------+-------++-------
Melee: War axe           |    72 |   168 |   355 ||   595
 Abil: Heal Wounds       |     1 |     3 |    13 ||    17
Evoke: Wand              |       |       |    19 ||    19
  Use: Potion            |     1 |       |     6 ||     7
       Scroll            |       |       |     5 ||     5
Armor: Scale mail        |    31 |    60 |       ||    91
       Chain mail        |       |    12 |     2 ||    14
       Ring mail         |       |       |    95 ||    95
       Skin              |       |       |    65 ||    65
Dodge: Dodged            |    18 |    68 |   201 ||   287
Block: Kite shield       |    43 |    97 |   250 ||   390
